Map: Ruins of Seras

Players

LiquidSnute (Snute) - Winner!

  • Race: Zerg Zerg
  • League: Grandmaster

Serral

  • Race: Zerg Zerg
  • League: Grandmaster

Event: 2016 WCS Winter Challenger Europe

VOD

Have the link to the VOD?

Description

Time

  • Played on: Feb. 13, 2016, 12:40 p.m.
  • Length: 12:53

All games in this series

Show
View Real Time Build Order
Export as new Build Order

LiquidSnute Zerg - Winner!

Build Orders: Hatch First 

Get SALT Encoding   

  12  0:00  Drone  
  13  0:12  Overlord  
  13  0:17  Drone  
  14  0:30  Drone x2  
  14  0:34  Drone  
  17  0:53  Hatchery  
  17  0:55  Drone  
  17  1:09  Spawning Pool  
  16  1:11  Drone  
  16  1:16  Drone  
  16  1:17  Extractor  
  17  1:20  Drone  
  18  1:30  Drone  
  19  1:40  Overlord  
  19  1:55  Queen  
  19  1:57  Zergling x2  
  19  2:01  Drone  
  23  2:04  Baneling Nest  
  23  2:05  Queen  
  23  2:07  Zergling x2  
  25  2:11  Drone  
  26  2:17  Drone  
  26  2:21  Drone  
  28  2:26  Drone  
  29  2:31  Queen  
  29  2:36  Overlord  
  31  2:44  Drone  
  31  2:45  Drone  
  31  2:48  Drone  
  34  2:56  Drone  
  35  2:59  Drone  
  35  3:00  Metabolic Boost  
  35  3:03  Drone x3  
  38  3:06  Baneling  
  38  3:12  Overlord  
  38  3:14  Zergling x6  
  38  3:16  Baneling  
  41  3:21  Overlord, Drone  
  41  3:26  Drone  
  43  3:28  Drone  
  44  3:34  Drone  
  44  3:40  Drone x4  
  49  3:47  Drone  
  50  3:50  Extractor  
  49  3:58  Roach Warren  
  49  4:01  Extractor  
  47  4:03  Drone x4  
  47  4:06  Hatchery, Drone  
  47  4:08  Drone  
  52  4:11  Drone  
  52  4:15  Drone  
  54  4:21  Lair  
  54  4:22  Extractor  
  54  4:23  Drone  
  54  4:24  Drone  
  55  4:32  Zergling x6  
  55  4:34  Overlord  
  58  4:38  Drone  
  59  4:58  Drone x2  
  59  4:59  Overlord, Drone x4  
  64  5:01  Overlord  
  64  5:02  Drone x2  
  64  5:05  Extractor  
  65  5:08  Extractor  
  64  5:14  Drone x2  
  64  5:19  Drone x2  
  67  5:24  Drone  
  67  5:25  Spire  
  67  5:27  Zergling x4  
  68  5:39  Drone x2  
  68  5:40  Zergling x12  
  76  5:48  Baneling x2  
  76  5:52  Zergling x2  
  76  5:53  Zergling x6  
  75  6:08  Overlord x2  
  72  6:18  Queen x3  
  74  6:20  Overlord x2  
  78  6:28  Spine Crawler  
  77  6:36  Mutalisk  
  77  6:37  Mutalisk x12  
  103  6:41  Mutalisk  
  105  6:48  Mutalisk  
  104  6:59  Mutalisk  
  104  7:01  Zergling x18  
  106  7:09  Zergling x2  
  106  7:10  Zergling x6  
  94  7:24  Spire  
  94  7:26  Zergling x2  
  94  7:27  Zergling x6  
  94  7:33  Drone x3  
  94  7:36  Overseer  
  92  7:38  Overseer  
  92  7:40  Drone x2  
  94  7:48  Zergling x8  
  94  7:51  Pneumatized Carapace  
  94  7:55  Zergling x2  
  94  7:56  Zergling x4  
  95  8:05  Zergling x10  
  97  8:25  Zergling x12  
  97  8:26  Zergling x12  
  99  8:37  Mutalisk x5  
  94  8:48  Drone x3  
  94  8:50  Glial Reconstitution  
  94  8:58  Drone x2  
  94  9:01  Queen x3  
  102  9:08  Drone  
  103  9:18  Mutalisk x2  
  103  9:23  Zergling x8  
  109  9:29  Evolution Chamber x2  
  107  9:35  Zergling x2  
  107  9:36  Zergling x4  
  107  9:41  Drone  
  107  9:43  Drone x2  
  107  9:44  Spore Crawler  
  109  9:54  Drone x3  
  109  9:58  Zerg Ground Armor Level 1, Zerg Melee Weapons Level 1  
  112  10:02  Overlord  
  112  10:03  Drone x2  
  109  10:46  Mutalisk x2  
  109  10:47  Mutalisk x6  
  116  10:59  Drone x6  
  116  11:00  Centrifical Hooks  
  119  11:07  Mutalisk  
  118  11:15  Hatchery  
  118  11:16  Mutalisk x2  
  121  11:19  Overlord x2  
  121  11:22  Overlord  
  121  11:31  Infestation Pit  
  120  11:33  Overseer  
  120  11:35  Spore Crawler  
  120  11:39  Zergling x10  
  126  11:40  Spine Crawler, Zergling x4, Queen  
  126  11:46  Zergling x8  
  131  12:00  Spine Crawler, Drone  
  131  12:02  Drone  
  131  12:03  Spine Crawler  
  131  12:05  Drone  
  131  12:06  Drone  
  133  12:18  Baneling x4  
  133  12:19  Baneling x2  
  133  12:20  Baneling x13  
  133  12:21  Baneling x3  
  133  12:22  Mutalisk  
  133  12:28  Zergling x2  
  133  12:29  Zergling x12  
Show
View Real Time Build Order
Export as new Build Order

Serral Zerg 

Build Orders: Pool First 

Get SALT Encoding   

  12  0:00  Drone  
  13  0:12  Overlord  
  13  0:17  Drone  
  14  0:31  Drone x2  
  14  0:34  Drone  
  17  0:38  Extractor  
  16  0:48  Spawning Pool  
  15  0:51  Drone  
  15  0:56  Drone  
  17  1:07  Drone  
  18  1:18  Drone  
  19  1:27  Hatchery  
  18  1:37  Queen  
  20  1:44  Metabolic Boost  
  20  1:48  Drone  
  21  1:55  Overlord  
  21  2:03  Baneling Nest  
  21  2:06  Zergling x2  
  21  2:10  Zergling x2  
  21  2:13  Drone  
  23  2:24  Drone  
  24  2:33  Drone  
  25  2:39  Drone  
  26  2:45  Drone x3  
  26  2:47  Drone  
  26  2:50  Overlord  
  30  2:52  Queen  
  30  2:55  Drone  
  33  3:01  Drone  
  34  3:06  Drone  
  36  3:12  Drone  
  36  3:20  Drone x4  
  36  3:24  Roach Warren  
  36  3:26  Extractor  
  38  3:27  Zergling x2  
  38  3:30  Overlord  
  39  3:40  Drone x2  
  40  3:51  Overlord  
  40  3:53  Drone  
  40  3:54  Drone x3  
  44  4:02  Overlord  
  44  4:05  Zergling x4  
  44  4:06  Zergling x2  
  44  4:07  Baneling  
  47  4:10  Baneling  
  46  4:17  Hatchery  
  46  4:19  Drone, Lair  
  46  4:20  Evolution Chamber  
  46  4:21  Drone  
  46  4:22  Drone  
  47  4:28  Drone x3  
  50  4:32  Drone  
  50  4:35  Extractor  
  50  4:36  Drone  
  50  4:38  Drone  
  52  4:46  Zerg Missile Weapons Level 1, Drone  
  52  4:47  Drone x2  
  52  4:48  Overlord  
  55  4:55  Zergling x6  
  55  4:56  Zergling x2  
  58  5:10  Zergling x4  
  58  5:11  Baneling x2  
  60  5:18  Zergling x10  
  60  5:20  Glial Reconstitution  
  64  5:28  Overlord  
  61  5:37  Overlord  
  61  5:39  Overlord  
  61  5:42  Roach x5  
  71  5:45  Overseer, Roach x3  
  77  5:50  Roach  
  77  5:53  Roach x2  
  83  6:04  Roach x5  
  86  6:18  Roach  
  86  6:19  Roach x4  
  86  6:20  Queen  
  86  6:24  Burrow  
  98  6:27  Overlord  
  98  6:28  Roach x2  
  102  6:35  Roach  
  102  6:36  Overlord  
  104  6:42  Tunneling Claws  
  104  6:45  Overlord x2  
  104  6:46  Roach x2  
  104  6:47  Roach  
  110  6:59  Queen  
  110  7:00  Queen  
  113  7:07  Roach  
  113  7:08  Roach x2  
  105  7:19  Roach x4  
  105  7:22  Spore Crawler  
  100  7:24  Spore Crawler  
  100  7:26  Spore Crawler  
  100  7:27  Roach x4  
  84  7:31  Roach x4  
  84  7:34  Queen  
  93  7:41  Queen x2  
  93  7:44  Overlord, Queen x2  
  97  7:47  Overlord  
  97  7:50  Overlord  
  86  8:00  Spore Crawler x2  
  80  8:06  Roach x3  
  86  8:18  Roach x4  
  94  8:26  Roach x2  
  88  8:30  Roach  
  88  8:31  Roach  
  88  8:37  Queen x3  
  88  8:38  Drone x3  
  88  8:40  Drone  
  98  8:42  Drone x2, Roach  
  98  8:46  Drone  
  100  8:49  Drone x2  
  100  8:52  Drone x2  
  104  8:55  Overlord  
  104  8:59  Ravager  
  104  9:00  Drone x3  
  104  9:01  Roach x5  
  99  9:03  Drone, Spore Crawler  
  99  9:06  Drone  
  99  9:08  Spore Crawler  
  99  9:09  Roach x2  
  99  9:14  Hydralisk Den  
  96  9:22  Roach x6  
  100  9:29  Drone x2  
  100  9:30  Zerg Missile Weapons Level 2  
  100  9:32  Drone x2  
  102  9:41  Extractor x2  
  102  9:44  Extractor  
  95  9:46  Drone x2, Muscular Augments  
  95  9:52  Hydralisk x3  
  97  9:53  Hydralisk x2  
  107  10:03  Hydralisk x5  
  117  10:14  Queen x2  
  117  10:16  Queen  
  117  10:17  Roach x5  
  121  10:26  Hydralisk x4  
  126  10:31  Roach  
  126  10:32  Roach x2  
  118  10:37  Hydralisk x3  
  118  10:39  Roach x3  
  118  10:44  Hydralisk x2  
  118  10:45  Hydralisk  
  118  10:47  Roach x4  
  119  10:59  Hydralisk x5  
  121  11:11  Drone  
  121  11:17  Spawning Pool  
  121  11:18  Nydus Network  
  120  11:24  Overlord  
  120  11:25  Hydralisk x3  
  120  11:34  Roach  
  120  11:38  Hydralisk x4  
  128  11:42  Roach  
  128  11:44  Roach  
  128  11:56  Hydralisk x4  
  128  11:58  Roach  
  128  12:00  Nydus Canal  
  136  12:02  Roach  
  136  12:04  Roach  
  136  12:07  Roach  
  136  12:08  Queen x3  
  144  12:10  Roach x2  
  144  12:15  Roach x2  
  154  12:20  Nydus Canal  
  154  12:23  Roach  
  154  12:24  Roach  
  154  12:26  Roach  
  154  12:29  Roach  
Tags
 
Add a new tag
Caveats
  • Supply blocks, unpowered buildings, or Contaminate may cause inaccurate times.
  • Supply counts are checked every 10 seconds.